 Dungeon Crawl Stone Soup version 0.25-a0-842-g81a31cfd23 (webtiles) character file.

Game seed: 15875500113009403120, levelgen mode: deterministic

22275 DerDa the Frost Mage (level 12, -4/74 HPs)
             Began as a Demonspawn Ice Elementalist on Apr 24, 2020.
             Was a High Priest of Sif Muna.
             Slain by a seven-headed hydra (14 damage)
             ... on level 3 of the Lair of Beasts.
             The game lasted 01:08:20 (14149 turns).

DerDa the Frost Mage (Demonspawn Ice Elementalist) Turns: 14149, Time: 01:08:21

Health: -4/74      AC:  5    Str: 11    XL:     12   Next: 61%
Magic:  14/25      EV: 16    Int: 22    God:    Sif Muna [*****.]
Gold:   757        SH:  0    Dex: 14    Spells: 2/30 levels left

rFire    x . .     SeeInvis .   a - +3 scimitar (flame)
rCold    + . .     Gourm    +   (no shield)
rNeg     . . .     Faith    .   g - +1 robe of True Grit {MR+ Regen+}
rPois    .         Spirit   .   (helmet restricted)
rElec    .         Reflect  .   (no cloak)
rCorr    .         Harm     .   b - +0 pair of gloves
MR       +....                  E - +0 pair of boots
Stlth    ++........             I - amulet of the gourmand
HPRegen  1.62/turn              i - ring of ice
MPRegen  0.19/turn              U - +3 ring of strength

@: lethally poisoned (-4 -> -4), frozen ramparts
A: antennae 2, foul stench 1, powered by death 2, rot immunity, sturdy frame 2
a: Channel Magic, Forget Spell, Divine Exegesis, Renounce Religion


You were on level 3 of the Lair of Beasts.
You worshipped Sif Muna.
Sif Muna was extremely pleased with you.
You were very full.

You visited 3 branches of the dungeon, and saw 15 of its levels.

You collected 757 gold pieces.

Inventory:

Hand Weapons
 a - a +3 scimitar of flaming (weapon)
 k - a +0 hunting sling
 m - the +2 dagger of Radicalism {venom, rC++}
   (You took it off a kobold on level 3 of the Dungeon)

   It poisons the flesh of those it strikes.
   It greatly protects you from cold.
 z - a +0 whip of electrocution
 K - the +10 short sword "Kadaacky" {vorpal, Str+8 Dex+4}
   (You found it on level 10 of the Dungeon)

   It inflicts extra damage upon your enemies.
   It affects your strength (+8).
   It affects your dexterity (+4).
Missiles
 t - 5 boomerangs of dispersal
 u - 8 curare-tipped darts
 v - 62 poisoned darts (quivered)
Armour
 b - a +0 pair of gloves (worn)
 g - the +1 robe of True Grit (worn) {MR+ Regen+}
   (You found it on level 7 of the Dungeon)

   It affects your resistance to hostile enchantments.
   It increases your rate of regeneration.
 E - a +0 pair of boots (worn)
Magical Staves
 R - an uncursed staff of wizardry
Jewellery
 i - a ring of ice (left hand)
 s - a +2 ring of slaying
 y - an uncursed ring of flight
 I - an amulet of the gourmand (around neck)
 S - an uncursed amulet of the acrobat
 U - a +3 ring of strength (right hand)
Wands
 o - a wand of flame (18)
 r - a wand of scattershot (2)
 C - a wand of disintegration (27)
 G - a wand of iceblast (18)
 Q - a wand of polymorph (18)
 T - a wand of paralysis (13)
 X - a wand of digging (5)
 Y - a wand of clouds (8)
Scrolls
 f - 6 scrolls of blinking
 j - 4 scrolls of remove curse
 l - 2 scrolls of magic mapping
 n - 2 scrolls of fear
 p - 4 scrolls of teleportation
 A - a scroll of amnesia
 D - 2 scrolls of fog
 F - 2 scrolls of identify
 L - 2 scrolls of enchant armour
 M - a scroll of enchant weapon {unknown}
 P - 2 scrolls of acquirement {unknown}
 V - a scroll of vulnerability {unknown}
Potions
 d - 6 potions of curing {unknown}
 e - 9 potions of heal wounds {unknown}
 h - a potion of mutation {unknown}
 q - 2 potions of ambrosia {unknown}
 w - 2 potions of haste {unknown}
 x - a potion of cancellation {unknown}
 B - a potion of lignification {unknown}
 H - a potion of brilliance {unknown}
 J - a potion of might {unknown}
 N - a potion of berserk rage {unknown}
 O - a potion of degeneration {unknown}
Comestibles
 c - 27 rations
 W - 2 chunks of flesh


   Skills:
 + Level 6.9 Dodging
 - Level 1.7 Stealth
 * Level 9.5 Spellcasting
 * Level 8.6 Conjurations
 - Level 5.0 Translocations
 + Level 0.3 Transmutations
 * Level 10.0 Ice Magic
 * Level 2.0 Earth Magic
 + Level 8.5 Invocations
 + Level 6.7 Evocations


You had 2 spell levels left.
You knew the following spells:

 Your Spells              Type           Power        Failure   Level  Hunger
a - Freeze                Ice            ####         1%          1    None
b - Frozen Ramparts       Ice            ######       1%          3    None
c - Ozocubu's Armour      Chrm/Ice       #####...     2%          3    None
d - Hailstorm             Conj/Ice       ######..     1%          4    ##.....
e - Summon Ice Beast      Ice/Summ       #####...     8%          4    ##.....
f - Blink                 Tloc           N/A          1%          2    None
g - Iron Shot             Conj/Erth      ####......   73%         6    ######.
h - Irradiate             Conj/Tmut      ####......   28%         5    ####...

Your spell library contained the following spells:

 Spells                   Type           Power        Failure   Level  Hunger
 Foxfire                  Conj/Fire      ####         1%          1    None
 Magic Dart               Conj           ####         1%          1    None
 Sandblast                Erth           ###...       2%          1    None
 Shroud of Golubria       Chrm/Tloc      ###...       3%          2    None
 Passwall                 Tmut/Erth      ###.....     6%          2    None
 Call Imp                 Summ           ##......     10%         2    None
 Slow                     Hex            ##......     10%         2    None
 Gell's Gravitas          Tloc           ####......   2%          3    None
 Lesser Beckoning         Tloc           ####......   2%          3    None
 Stone Arrow              Conj/Erth      ####..       2%          3    None
 Teleport Other           Tloc           ####....     2%          3    None
 Conjure Flame            Conj/Fire      ####....     3%          3    None
 Mephitic Cloud           Conj/Pois/Air  ###.....     6%          3    None
 Passage of Golubria      Tloc           N/A          9%          4    ##.....
 Sticky Flame             Conj/Fire      ####....     11%         4    ##.....
 Ignite Poison            Fire/Tmut/Pois ##......     19%         3    None
 Inner Flame              Hex/Fire       ##......     19%         3    None
 Fireball                 Conj/Fire      ####......   30%         5    ####...
 Petrify                  Tmut/Erth      ###.....     36%         4    ##.....
 Leda's Liquefaction      Hex/Erth       ###.......   38%         4    ##.....
 Bolt of Magma            Conj/Fire/Erth ####......   38%         5    ####...
 Lee's Rapid Deconstruct  Erth           ###.......   58%         5    ####...
 Starburst                Conj/Fire      ####......   86%         6    ######.
 Statue Form              Tmut/Erth      ###......    99%         6    ######.
 Hydra Form               Tmut           ##........   100%        6    ######.
 Dragon Form              Tmut           ##........   100%        7    #######
 Ring of Flames           Chrm/Fire      ##........   100%        7    #######
 Ignition                 Fire           ##........   100%        8    #######
 Shatter                  Erth           ###.......   100%        9    #######


Dungeon Overview and Level Annotations

Branches:
Dungeon (11/15)            Temple (1/1) D:5            Lair (3/6) D:8
    Orc (0/2) D:10
  Swamp: Lair:2-4    Shoals: Lair:2-4     Snake: Lair:2-4    Spider: Lair:2-4

Altars:
Ashenzari
Cheibriados
Dithmenos
Elyvilon
Fedhas
Gozag
Hepliaklqana
Kikubaaqudgha
Makhleb
Nemelex Xobeh
Okawaru
Qazlal
Ru
Sif Muna
Trog
Uskayaw
Vehumet
Wu Jian
Xom
Yredelemnul
Zin
The Shining One

Annotations:
D:9 1 runed translucent door, omer1ben's ghost, novice OpFE


Innate Abilities, Weirdness & Mutations

You have a pair of antennae on your head.
You may emit foul miasma when damaged in melee.
You regenerate health from kills.
You are immune to rotting.
Your movements are less encumbered by armour. (ER -4)


Message History

The hail pelts the seven-headed hydra!!
The seven-headed hydra is severely wounded.
You feel sick.
The wall freezes the seven-headed hydra.
Casting: Hailstorm (mildly dangerous; 1% risk of failure)
Confirm with . or Enter, or press ? or * to list all spells.
Aiming: Freeze (safe; 1% risk of failure)
Press: ? - help, Shift-Dir - straight line, f - seven-headed hydra
Aim: a seven-headed hydra (severely wounded)
You feel a surge of power!
You freeze the seven-headed hydra.
The seven-headed hydra is severely wounded.
You feel sick.
The wall freezes the seven-headed hydra!
The seven-headed hydra seems to slow down.
The seven-headed hydra bites you!
The seven-headed hydra looks sick.
The seven-headed hydra bites you! x2
* * * LOW HITPOINT WARNING * * *
The seven-headed hydra bites you but does no damage.
The seven-headed hydra bites you!
You die...

...# #..##.............. ....#
#...#....###.......
#....####.........##......#
#........................#
####......................
##................##... .
###.......#..##...#.... ..###
###...........###.....#..
.....###.....†D@.....P####......
.............###.....####.......
....P..#....##.......##.#......
#..........#......PP......##
....##.#.#...#..............###
. #..###.................#
#P.P##......#.#.........#
#....#.....P###..........#
###..#......##..........##


You could see a seven-headed hydra.

Vanquished Creatures
  2 hydras
  2 two-headed ogres
  Erica (D:10)
  A death yak (Lair:3)
  Sonja (D:11)
  An unseen horror (D:11)
  3 ugly things (D:11)
  An oklob plant (Lair:3)
  A black mamba (Lair:2)
  3 spiny frogs
  A gargoyle (D:11)
  A troll (D:11)
  7 blink frogs
  Prince Ribbit (D:6)
  2 hippogriffs
  Sigmund (D:6)
  19 yaks
  A wraith (D:10)
  3 wyverns
  2 hungry ghosts (D:10)
  An acid dragon (D:9)
  3 water moccasins
  5 porcupines
  5 ice beasts
  A hornet zombie (D:6)
  4 orc warriors
  3 black bears
  6 ogres
  4 phantoms
  A necrophage (D:6)
  5 wolves (Lair:1)
  3 centaurs
  6 crocodiles
  The ghost of Maedhros the Charlatan, an amateur OpAr (D:3)
  3 big kobolds
  A gnoll sergeant (D:9)
  12 bullfrogs
  A water moccasin skeleton (D:6)
  4 scorpions
  2 troll zombies (D:10)
  A wyvern skeleton (D:10)
  19 killer bees
  8 wights
  3 electric eels
  A howler monkey (D:4)
  2 crimson imps
  4 hounds
  A jelly (D:11)
  A gnoll shaman (D:10)
  5 orc wizards
  2 orc priests (D:6)
  A bullfrog skeleton (D:5)
  A centaur skeleton (D:10)
  2 iguanas
  5 worker ants
  Natasha (thrice) (D:4)
  A killer bee zombie (D:8)
  6 ogre zombies (D:10)
  A mummy (D:5)
  A hound skeleton (D:5)
  A worker ant zombie (D:11)
  Robin (D:2)
  10 gnolls
  9 adders
  5 shadow imps
  An ooze (D:6)
  2 adder skeletons
  2 worms
  A dart slug (D:4)
  6 leopard geckos
  14 orcs
  3 bats
  4 giant cockroaches
  10 goblins
  11 hobgoblins
  7 jackals
  23 kobolds
  7 quokkas
  2 frilled lizards
  A goblin skeleton (D:10)
  5 goblin zombies (D:10)
  3 hobgoblin skeletons (D:10)
  A hobgoblin zombie (D:10)
  A jackal skeleton (D:9)
  A leopard gecko skeleton (D:7)
  3 orc skeletons (D:10)
  12 orc zombies (D:10)
  A quokka zombie (D:7)
  9 rats
349 creatures vanquished.

Vanquished Creatures (collateral kills)
  A two-headed ogre (D:8)
  A blink frog (Lair:3)
  A yak (D:10)
  A bullfrog (D:10)
4 creatures vanquished.

Vanquished Creatures (others)
  5 fungi
  3 plants
8 creatures vanquished.

Grand Total: 361 creatures vanquished

Notes
Turn   | Place    | Note
-------+----------+-------------------------------------------
     0 | D:1      | DerDa the Demonspawn Ice Elementalist began the quest for
                  | the Orb.
     0 | D:1      | Reached XP level 1. HP: 13/13 MP: 3/3
   458 | D:1      | Gained mutation: You regenerate a little health from kills.
                  | [demonic ancestry]
   458 | D:1      | Reached XP level 2. HP: 19/19 MP: 3/5
   856 | D:2      | Noticed Robin
  1058 | D:2      | Reached skill level 4 in Ice Magic
  1160 | D:2      | Reached XP level 3. HP: 24/24 MP: 4/6
  1183 | D:2      | Killed Robin
  1194 | D:2      | Learned a level 3 spell: Frozen Ramparts
  1566 | D:2      | Gained mutation: You are immune to rotting. [demonic
                  | ancestry]
  1566 | D:2      | Reached XP level 4. HP: 30/30 MP: 0/8
  1571 | D:2      | Learned a level 3 spell: Ozocubu's Armour
  2131 | D:3      | Found a sacrificial altar of Ru.
  2239 | D:3      | Noticed a black bear
  2249 | D:3      | Found a runed translucent gate.
  2249 | D:3      | Found a runed translucent gate.
  2254 | D:3      | Found a runed translucent gate.
  2255 | D:3      | Noticed a big kobold
  2255 | D:3      | Noticed Maedhros's ghost (amateur OpAr)
  2256 | D:3      | Identified the +2 dagger of Radicalism {venom, rC++}
  2433 | D:3      | Found a shimmering altar of Xom.
  2434 | D:3      | Found a shimmering blue altar of Sif Muna.
  2437 | D:3      | Found a sparkling altar of Nemelex Xobeh.
  2437 | D:3      | Found a stormy altar of Qazlal.
  2439 | D:3      | Noticed a wyvern
  2448 | D:3      | Killed a wyvern
  2448 | D:3      | Reached skill level 1 in Evocations
  2448 | D:3      | Gained mutation: Your movements are slightly less
                  | encumbered by armour. (ER -2) [demonic ancestry]
  2448 | D:3      | Reached XP level 5. HP: 34/35 MP: 5/10
  2462 | D:3      | Became a worshipper of Sif Muna the Loreminder
  2818 | D:3      | Killed a black bear
  2818 | D:3      | Reached skill level 5 in Ice Magic
  2818 | D:3      | Gained mutation: You regenerate health from kills. [demonic
                  | ancestry]
  2818 | D:3      | Reached XP level 6. HP: 41/41 MP: 7/12
  3013 | D:4      | Found a white marble altar of Elyvilon.
  3268 | D:4      | Reached skill level 1 in Invocations
  3341 | D:4      | Noticed Natasha
  3347 | D:4      | Killed Natasha
  3647 | D:4      | Found a snail-covered altar of Cheibriados.
  3965 | D:4      | Gained mutation: Your movements are less encumbered by
                  | armour. (ER -4) [demonic ancestry]
  3965 | D:4      | Reached XP level 7. HP: 39/46 MP: 7/13
  4018 | D:4      | Noticed Natasha
  4038 | D:4      | Killed Natasha
  4064 | D:4      | Noticed Natasha
  4073 | D:4      | Killed Natasha
  4552 | D:3      | Killed Maedhros's ghost
  4667 | D:5      | Entered Level 5 of the Dungeon
  4686 | D:4      | Reached skill level 5 in Spellcasting
  4781 | D:5      | Reached * piety under Sif Muna
  4836 | D:5      | Reached skill level 6 in Ice Magic
  4836 | D:5      | Gained mutation: You have a pair of small antennae on your
                  | head. [demonic ancestry]
  4836 | D:5      | Reached XP level 8. HP: 29/52 MP: 10/15
  4844 | D:5      | Found a staircase to the Ecumenical Temple.
  4864 | Temple   | Entered the Ecumenical Temple
  4940 | Temple   | Learned a level 4 spell: Hailstorm
  4945 | Temple   | Learned a level 4 spell: Summon Ice Beast
  4948 | Temple   | Learned a level 2 spell: Blink
  5362 | D:5      | Reached skill level 1 in Conjurations
  5535 | D:5      | Found a snail-covered altar of Cheibriados.
  5578 | D:5      | Reached skill level 1 in Translocations
  5830 | D:6      | Noticed Prince Ribbit
  5837 | D:6      | Found an iron altar of Okawaru.
  5895 | D:6      | Found a bloodstained altar of Trog.
  6080 | D:6      | Killed Prince Ribbit
  6094 | D:6      | Reached XP level 9. HP: 49/57 MP: 8/18
  6401 | D:6      | Reached ** piety under Sif Muna
  6785 | D:6      | Noticed Sigmund
  6796 | D:6      | Killed Sigmund
  6796 | D:6      | Reached skill level 7 in Ice Magic
  7023 | D:7      | Reached skill level 5 in Invocations
  7153 | D:7      | Found a basalt altar of Yredelemnul.
  7239 | D:7      | Got a transparent robe
  7249 | D:7      | Identified the +1 robe of True Grit {MR+ Regen+} (You found
                  | it on level 7 of the Dungeon)
  7569 | D:8      | Noticed a two-headed ogre
  7577 | D:8      | Killed a two-headed ogre
  7577 | D:8      | Reached skill level 5 in Dodging
  7577 | D:8      | Gained mutation: You may emit foul miasma when damaged in
                  | melee. [demonic ancestry]
  7577 | D:8      | Reached XP level 10. HP: 63/63 MP: 13/20
  7615 | D:8      | Reached *** piety under Sif Muna
  7626 | D:8      | Noticed a two-headed ogre
  7641 | D:8      | Killed a two-headed ogre
  7641 | D:8      | Reached skill level 5 in Conjurations
  7917 | D:8      | Found a staircase to the Lair.
  7936 | D:8      | Reached skill level 8 in Ice Magic
  7995 | D:8      | Reached skill level 5 in Evocations
  9148 | D:9      | Found a runed translucent door.
  9148 | D:9      | Noticed a stone giant
  9149 | D:9      | Noticed omer1ben's ghost (novice OpFE)
  9715 | D:10     | Entered Level 10 of the Dungeon
  9732 | D:10     | Reached **** piety under Sif Muna
  9843 | D:9      | Gained mutation: You have a pair of antennae on your head.
                  | [demonic ancestry]
  9843 | D:9      | Reached XP level 11. HP: 40/68 MP: 12/22
 10125 | D:10     | Found a staircase to the Orcish Mines.
 10327 | D:10     | Reached ***** piety under Sif Muna
 10358 | D:10     | Received a gift from Sif Muna
 10658 | D:10     | Noticed Erica
 10674 | D:10     | Killed Erica
 10696 | D:10     | Got a brightly glowing short sword
 10696 | D:10     | Identified the +10 short sword "Kadaacky" {vorpal, Str+8
                  | Dex+4} (You found it on level 10 of the Dungeon)
 10945 | D:11     | Noticed a brown ugly thing
 10960 | D:11     | Killed a brown ugly thing
 10960 | D:11     | Reached skill level 9 in Ice Magic
 11008 | D:11     | Noticed a white ugly thing
 11009 | D:11     | Noticed a two-headed ogre
 11084 | D:11     | Killed a white ugly thing
 11105 | D:11     | Killed a two-headed ogre
 11212 | D:11     | Noticed Sonja
 11218 | D:11     | Killed Sonja
 11468 | D:11     | Noticed a purple ugly thing
 11506 | D:11     | Killed a purple ugly thing
 11696 | D:11     | Killed an unseen horror
 12003 | Lair:1   | Entered Level 1 of the Lair of Beasts
 12004 | Lair:1   | Reached XP level 12. HP: 74/74 MP: 13/24
 12141 | Lair:1   | Reached skill level 5 in Translocations
 12686 | Lair:1   | Learned a level 6 spell: Iron Shot
 12711 | Lair:2   | Noticed a four-headed hydra
 12723 | Lair:2   | Killed a four-headed hydra
 12760 | Lair:2   | Found a hazy altar of Hepliaklqana.
 13298 | Lair:2   | Reached skill level 1 in Earth Magic
 13806 | Lair:3   | Noticed a five-headed hydra
 13809 | Lair:3   | Killed a five-headed hydra
 13885 | Lair:3   | Reached skill level 10 in Ice Magic
 13890 | Lair:3   | Received a gift from Sif Muna
 13916 | Lair:2   | Learned a level 5 spell: Irradiate
 14073 | Lair:3   | Noticed a death yak
 14095 | Lair:3   | Killed a death yak
 14136 | Lair:3   | Noticed a seven-headed hydra
 14149 | Lair:3   | Slain by a seven-headed hydra

Levels and vault maps discovered:
D:1:      elethiomel_arrival_infinity_welcomes_careful_drivers, layout_basic,
          minmay_misc_feat_columns, minmay_door_square
D:2:      layout_basic, first_ration, minivault_25, uniq_robin
D:3:      layout_loops_ring, grunt_temple_overflow_open, serial_forest,
          infiniplex_forest_straight_2, infiniplex_forest_lined_corner,
          infiniplex_forest_clump_cross, infiniplex_forest_lined_3,
          infiniplex_forest_straight_2, infiniplex_forest_clump_double,
          infiniplex_forest_clump_curved, gammafunk_ghost_nasty_kobolds,
          palyth_stone_intersect, supply_closet_lemuel, lemuel_altar_in_water
D:4:      layout_layer_cave, kennysheep_slug_shrine, elyvilon_altar_3,
          uniq_natasha
D:5:      layout_cave_pools, minmay_temple_entry_offerings, chei_slow_surprise
D:6:      layout_rooms, okawaru_trees_1, nicolae_overflow_crystal_walls,
          uniq_sigmund, uniq_prince_ribbit1
D:7:      layout_rooms, yredelemnul_altar_generic
D:8:      layout_layer_cave, minmay_lair_entry_grove
D:9:      layout_stronghold, ebering_ghost_inner_flame, grunt_ogre_cave
D:10:     layout_roguey, zombieorc2_lemuel, kennysheep_decorative_pillar,
          uniq_erica
D:11:     layout_basic, uniq_sonja
Temple:   nicolae_temple_god_jail
Lair:1:   layout_big_grid
Lair:2:   layout_layer_cave, basic_altar, grunt_megastairs_4
Lair:3:   dpeg_oklob_shooting_range, layout_layer_cave, spider_nest_entry_webs,
          nicolae_quartered_pool_medium

Skill      XL: |  1  2  3  4  5  6  7  8  9 10 11 12 |
---------------+-------------------------------------+-----
Dodging        | 2 3 4 5 6 |  6.9
Ice Magic      | 4 5 6 7 8 9 10 | 10.0
Spellcasting   | 3 4 5 6 7 8 9 |  9.5
Evocations     | 1 2 3 4 5 6 |  6.7
Invocations    | 1 3 4 5 6 7 8 |  8.5
Conjurations   | 2 4 6 7 8 |  8.6
Translocations | 1 2 3 4 5 |  5.0
Earth Magic    | 2 |  2.0
Stealth        | |  1.7
Transmutations | |  0.3

Action                   |  1- 3 |  4- 6 |  7- 9 | 10-12 || total
-------------------------+-------+-------+-------+-------++-------
Melee: Short sword       |     7 |    12 |    21 |    16 ||    56
       Whip              |       |       |    76 |   162 ||   238
       Scimitar          |       |       |       |    40 ||    40
Throw: Stone             |       |     3 |       |       ||     3
       Dart              |       |     9 |    16 |     7 ||    32
 Cast: Freeze            |    56 |    47 |   101 |    95 ||   299
       Frozen Ramparts   |       |     8 |    20 |    64 ||    92
       Ozocubu's Armour  |       |     1 |     4 |     6 ||    11
       Hailstorm         |       |       |     7 |    52 ||    59
       Summon Ice Beast  |       |       |     3 |     6 ||     9
       Blink             |       |       |       |     4 ||     4
Evoke: Wand              |       |       |     1 |     6 ||     7
  Use: Scroll            |       |       |     6 |     4 ||    10
 Stab: Sleeping          |       |       |       |     1 ||     1
  Eat: Chunk             |     2 |     8 |    21 |    38 ||    69
Armor: Robe              |    11 |    18 |    41 |    49 ||   119
Dodge: Dodged            |    32 |    29 |   162 |   323 ||   546
       Rpst.: Scimitar   |       |       |       |    36 ||    36

Table legend:
 A = Non-vault XP
 B = Vault XP
 C = Vault XP percentage of total XP
 D = Non-vault monster count
 E = Vault monster count
 F = Vault count percentage of total count
                 A         B        C        D         E       F
            +---------+---------+-------+---------+---------+-------
      Total |   26103 |    5719 |  18.0 |     275 |      78 |  22.1
            +---------+---------+-------+---------+---------+-------
        D:1 |      18 |       2 |  10.0 |      13 |       1 |   7.1
        D:2 |      71 |      35 |  33.0 |      25 |      11 |  30.6
        D:3 |     361 |     211 |  36.9 |       9 |       8 |  47.1
        D:4 |     622 |      39 |   5.9 |      16 |       2 |  11.1
        D:5 |     840 |      21 |   2.4 |      17 |       1 |   5.6
        D:6 |     934 |     508 |  35.2 |      19 |       2 |   9.5
        D:7 |    1437 |       0 |   0.0 |      30 |       0 |   0.0
        D:8 |    3045 |    1687 |  35.7 |      24 |      12 |  33.3
        D:9 |    1711 |     121 |   6.6 |      28 |       1 |   3.4
       D:10 |    2837 |    1727 |  37.8 |      32 |      37 |  53.6
       D:11 |    5557 |     807 |  12.7 |      28 |       1 |   3.4
     Lair:1 |    3976 |       0 |   0.0 |      22 |       0 |   0.0
     Lair:2 |    1509 |     100 |   6.2 |       3 |       1 |  25.0
     Lair:3 |    3185 |     461 |  12.6 |       9 |       1 |  10.0
            +---------+---------+-------+---------+---------+-------
